 Dungeon Crawl Stone Soup version 0.24.0-29-g8ce449bc06 (webtiles) character file.

Game seed: 3235192137753087368, levelgen mode: deterministic

119 night the Ducker (level 5, 0/36 HPs)
             Began as an Octopode Fighter on Nov 13, 2019.
             Slain by Grinder (6 damage)
             ... on level 3 of the Dungeon.
             The game lasted 00:04:54 (1740 turns).

night the Ducker (Octopode Fighter)                 Turns: 1740, Time: 00:04:54

Health: 0/36       AC:  1    Str: 16    XL:     5   Next: 3%
Magic:  5/5        EV: 12    Int: 11    God:
Gold:   76         SH:  0    Dex: 11    Spells: 4/4 levels left

rFire    + . .     SeeInvis .   a - +0 rapier
rCold    + . .     Gourm    .   b - +0 shield
rNeg     . . .     Faith    .   (helmet restricted)
rPois    +         Spirit   .   (no amulet)
rElec    +         Reflect  .   (no ring)
rCorr    +         Harm     .   (no ring)
MR       .....                  (no ring)
Stlth    ++........             (no ring)
HPRegen  0.12/turn              (no ring)
MPRegen  0.09/turn              (no ring)
                                (no ring)
                                (no ring)

@: confused, resistant
A: almost no armour, stealthy swim, amphibious, 8 rings, constrict 8, camouflage
1, gelatinous body 1
a: no special abilities


You were on level 3 of the Dungeon.
You were not hungry.

You visited 1 branch of the dungeon, and saw 3 of its levels.

You collected 76 gold pieces.

Inventory:

Hand Weapons
 a - a +0 rapier (weapon)
 q - a +0 hunting sling
 r - a +5 spear of venom
Missiles
 e - 21 poisoned darts (quivered)
 j - 44 bolts
 o - 120 stones
 p - 35 sling bullets
Armour
 b - a +0 shield (worn)
Wands
 l - a wand of polymorph (10)
Scrolls
 f - a scroll of noise {unknown}
 h - a scroll of remove curse {unknown}
 i - 2 scrolls of identify {unknown}
 n - a scroll of teleportation {unknown}
Potions
 c - a potion of might
 g - a potion of curing {unknown}
 k - a potion of ambrosia
 m - a potion of resistance
 s - a potion of mutation {unknown}
Comestibles
 d - 4 rations
 t - 2 chunks of flesh


   Skills:
 + Level 3.6 Fighting
 + Level 2.6 Short Blades
 + Level 3.6 Dodging
 * Level 3.1 Stealth
 + Level 3.6 Shields


You had 4 spell levels left.
You didn't know any spells.
Your spell library contained the following spells:

 Spells                   Type           Power        Failure   Level  Hunger
 Magic Dart               Conj           #...         83%         1    ##.....
 Blink                    Tloc           N/A          93%         2    ###....
 Call Imp                 Summ           #.......     93%         2    ###....
 Slow                     Hex            #.......     93%         2    ###....
 Conjure Flame            Conj/Fire      #.......     99%         3    ####...
 Mephitic Cloud           Conj/Pois/Air  #.......     99%         3    ####...


Dungeon Overview and Level Annotations

Branches:
Dungeon (3/15)

Altars:

Annotations:
D:3 Grinder


Innate Abilities, Weirdness & Mutations

You cannot wear most types of armour.
You are very stealthy in the water. (Stealth+)
You are amphibious.
You can wear up to eight rings at the same time.
You can use your tentacles to constrict eight enemies at once.
Your skin changes colour to match your surroundings (Stealth+).
Your rubbery body absorbs attacks. (AC +1, EV +1)


Message History

You suddenly lose the ability to move!
You lose your grip on Grinder.
Grinder hits you.
You writhe in agony.
Grinder gestures at you. Pain shoots through your body! Grinder hits you!
You writhe in agony.
Grinder hits you.
* * * LOW HITPOINT WARNING * * *
You can move again.
It was a potion of ambrosia.
You are confused.
You feel invigorated. Grinder hits you.
* * * LOW HITPOINT WARNING * * *
You writhe in agony.
* * * LOW HITPOINT WARNING * * *
It was a potion of resistance.
You feel protected. Grinder hits you!
* * * LOW HITPOINT WARNING * * *
You writhe in agony.
You die...

#######.###.#
..<.........#
#######.##########
.(................
#######.##########
.............#
..#####.####.#
####.# #5@..#
......[..(.....o
.#####.########o
... ###. #. #. #.


You could see Grinder.

Vanquished Creatures
  Robin (D:2)
  3 gnolls (D:2)
  2 adders
  A worm (D:2)
  A dart slug (D:1)
  2 leopard geckos
  4 bats
  2 giant cockroaches
  9 goblins
  8 hobgoblins
  4 jackals (D:2)
  A quokka (D:2)
  4 frilled lizards
  7 kobolds
  4 rats
53 creatures vanquished.

Notes
Turn   | Place    | Note
-------+----------+-------------------------------------------
     0 | D:1      | night the Octopode Fighter began the quest for the Orb.
     0 | D:1      | Reached XP level 1. HP: 16/16 MP: 1/1
    86 | D:1      | Reached XP level 2. HP: 21/21 MP: 2/2
   220 | D:1      | Reached skill level 1 in Stealth
   334 | D:1      | You fall into a shaft and drop 1 floor!
   430 | D:2      | Reached XP level 3. HP: 23/26 MP: 3/3
   763 | D:2      | Reached XP level 4. HP: 19/31 MP: 4/4
  1020 | D:2      | Noticed Robin
  1039 | D:2      | Killed Robin
  1614 | D:3      | Reached XP level 5. HP: 31/36 MP: 5/5
  1731 | D:3      | Noticed Grinder
  1734 | D:3      | Paralysed by Grinder for 5 turns
  1740 | D:3      | Slain by Grinder

Levels and vault maps discovered:
D:1:      moated_graveyard_arrival, layout_rooms
D:2:      layout_basic, uniq_robin
D:3:      layout_basic, minmay_fractal_squares_5, uniq_grinder, uniq_natasha

Skill      XL: |  1  2  3  4 |
---------------+-------------+-----
Stealth        | 1 2 3 |  3.1
Fighting       | |  3.6
Short Blades   | |  2.6
Dodging        | |  3.6
Shields        | |  3.6

Action                   |  1- 3 |  4- 6 || total
-------------------------+-------+-------++-------
Melee: Rapier            |    56 |    50 ||   106
       Constrict         |    14 |    13 ||    27
       Tentacles         |    10 |     9 ||    19
Throw: Dart              |       |     4 ||     4
  Use: Potion            |       |     2 ||     2
 Stab: Sleeping          |     5 |     2 ||     7
  Eat: Chunk             |       |     3 ||     3
Armor: Skin              |     4 |     2 ||     6
Dodge: Dodged            |    19 |    18 ||    37
Block: Shield            |    23 |    21 ||    44
